 Dungeon Crawl Stone Soup version 0.20.0 (webtiles) character file.

936741 InabaYap the Annihilator (level 27, -5/163 HPs)
             Began as a Deep Elf Wizard on May 31, 2017.
             Was the Champion of Vehumet.
             Killed from afar by Asmodeus (46 damage)
             ... with damnation
             ... on level 7 of Gehenna on June 11, 2017.
             The game lasted 17:00:42 (93148 turns).

InabaYap the Annihilator (Deep Elf Wizard)         Turns: 93148, Time: 17:00:42

Health: -5/163     AC: 16    Str: 11    XL:     27
Magic:  19/65      EV: 27    Int: 39    God:    Vehumet [******]
Gold:   8643       SH: 15    Dex: 18    Spells: 1/80 levels left

rFire    + + +     SeeInvis +   S - staff of conjuration
rCold    + + +     Gourm    .   C - +2 shield of Resistance {rF+ rC+ MR+}
rNeg     + + .     Faith    .   c - +1 robe "Yheacun" {rPois rC++ rCorr Str+2}
rPois    +         Spirit   .   f - +2 helmet of Space {rPois MR+ Str+4}
rElec    +         Reflect  .   I - +2 cloak
rCorr    +         Harm     .   A - +2 pair of gloves "Rez Zeos" {rElec rPois}
MR       ++++.                  E - +2 pair of boots {Fly}
Stlth    +++.......             d - macabre finger necklace {rN+}
Regen    0.4/turn               H - ring of the Exiled Cities {MP+9 Int+3 Dex+5}
MPRegen  0.4/turn               O - ring "Woarimm" {+Fly rF+ rC++ rN+ SInv}
                                a - ring of fire

@: flying, deflect missiles
A: blink, shaggy fur 1
}: 7/15 runes: decaying, silver, golden, iron, icy, bone, gossamer
a: Blink, Renounce Religion


You were on level 7 of Gehenna.
You worshipped Vehumet.
Vehumet was exalted by your worship.
You were not hungry.

You visited 16 branches of the dungeon, and saw 80 of its levels.
You visited the Abyss 1 time.
You visited 1 bazaar.
You also visited: Trove, Volcano and Wizlab.

You collected 12365 gold pieces.
You spent 3722 gold pieces at shops.

Inventory:

Hand Weapons
 M - the +4 staff of Dispater
   (You took it off Dispater on level 7 of the Iron City of Dis)
Armour
 c - the +1 robe "Yheacun" (worn) {rPois rC++ rCorr Str+2}
   (You found it on level 6 of the Lair of Beasts)

   It affects your strength (+2).
   It greatly protects you from cold.
   It protects you from poison.
   It protects you from acid and corrosion.
 f - the +2 helmet of Space (worn) {rPois MR+ Str+4}
   (You found it on level 3 of the Tomb of the Ancients)

   It affects your strength (+4).
   It protects you from poison.
   It affects your resistance to hostile enchantments.
 k - the +0 helmet of an ice cave {rPois rF+ MR+++ Str-2}
   (You found it on level 12 of the Dungeon)

   It affects your strength (-2).
   It protects you from fire.
   It protects you from poison.
   It affects your resistance to hostile enchantments.
 A - the +2 pair of gloves "Rez Zeos" (worn) {rElec rPois}
   (You bought it in a shop on level 3 of the Elven Halls)

   It insulates you from electricity.
   It protects you from poison.
 C - the +2 shield of Resistance (worn) {rF+ rC+ MR+}
   (You found it on level 13 of the Dungeon)

   It protects you from fire.
   It protects you from cold.
   It affects your resistance to hostile enchantments.
 E - a +2 pair of boots of flying (worn)
 I - a +2 cloak (worn)
 N - the quicksilver dragon scales "Kenam" {rC+ rN+ MR+ Int+3}
   (You found it on level 7 of the Iron City of Dis)

   It affects your intelligence (+3).
   It protects you from cold.
   It protects you from negative energy.
   It affects your resistance to hostile enchantments.
 R - the +3 crown of Dyrovepreva {rElec Int+2 SInv}
   (You found it on level 3 of the Tomb of the Ancients)

   It affects your intelligence (+2).
   It insulates you from electricity.
   It lets you see invisible.
Magical Staves
 y - an uncursed staff of energy
 S - an uncursed staff of conjuration (weapon)
Jewellery
 a - a ring of fire (on amulet)
 d - the macabre finger necklace (around neck) {rN+}
   (You took it off a deep elf high priest on level 3 of the Elven Halls)

   [amulet of nothing]

   It protects you from negative energy.
 q - the ring "Umig" {rElec rN+ MP+9}
   (You found it in a treasure trove)

   [ring of magical power]

   It insulates you from electricity.
   It protects you from negative energy.
   It affects your magic capacity (+9).
 r - the ring of Faic {rElec rC+ Str-3 Dex+2 Stlth+, unknown}
   (You took it off a balrug on level 7 of Gehenna)

   [ring of stealth]

   It affects your strength (-3).
   It affects your dexterity (+2).
   It protects you from cold.
   It insulates you from electricity.
   It makes you more stealthy.
 v - the ring of Law Jode {rPois rC- rN+++ Int+2 Dex+4}
   (You found it on level 3 of the Tomb of the Ancients)

   [ring of poison resistance]

   It affects your intelligence (+2).
   It affects your dexterity (+4).
   It makes you vulnerable to cold.
   It protects you from poison.
   It renders you almost immune to negative energy.
 H - the ring of the Exiled Cities (left hand) {MP+9 Int+3 Dex+5}
   (You found it in a treasure trove)

   [ring of magical power]

   It affects your intelligence (+3).
   It affects your dexterity (+5).
   It affects your magic capacity (+9).
 L - an uncursed ring of fire
 O - the ring "Woarimm" (right hand) {+Fly rF+ rC++ rN+ SInv}
   (You found it on level 3 of the Tomb of the Ancients)

   [ring of protection from fire]

   It protects you from fire.
   It greatly protects you from cold.
   It protects you from negative energy.
   It lets you see invisible.
   It lets you fly.
Wands
 b - a wand of lightning (2/15)
 x - a wand of digging (9/24)
 D - a wand of iceblast (14/15)
 P - a wand of acid (9/15)
 W - a wand of clouds (5/9)
Scrolls
 h - 3 scrolls of blinking
 j - 3 scrolls of summoning
 l - 4 scrolls of amnesia
 n - 28 scrolls of remove curse
 o - 11 scrolls of teleportation
 p - 10 scrolls of magic mapping
 s - 10 scrolls of enchant weapon
 t - 3 scrolls of holy word
 K - 7 scrolls of fog
Potions
 i - 5 potions of resistance
 u - 10 potions of curing
 w - 8 potions of brilliance
 z - 8 potions of agility
 Q - 7 potions of haste
 V - 7 potions of mutation
 X - 2 potions of magic
 Y - 8 potions of heal wounds
Miscellaneous
 e - 2 phantom mirrors
 F - a crystal ball of energy
 G - a lightning rod (4/4)
 J - a lamp of fire
 T - a phial of floods
 U - the horn of Geryon
Comestibles
 g - 5 royal jellies
 m - 22 meat rations
 B - 19 fruits


   Skills:
 + Level 14.1 Fighting
 - Level 9.8 Staves
 - Level 1.9 Armour
 - Level 17.9 Dodging
 - Level 5.2 Stealth
 - Level 15.4 Shields
 O Level 27 Spellcasting
 O Level 27 Conjurations
 - Level 15.5 Hexes
 - Level 13.1 Charms
 - Level 1.3 Summonings
 - Level 1.3 Necromancy
 - Level 2.3 Translocations
 O Level 27 Fire Magic
 * Level 19.8 Air Magic
 - Level 18.0 Evocations


You had one spell level left.
You knew the following spells:

 Your Spells              Type           Power        Failure   Level  Hunger
a - Magic Dart            Conj           ####         0%          1    None
b - Blink                 Tloc           N/A          1%          2    None
c - Conjure Flame         Conj/Fire      ########     0%          3    None
d - Fire Storm            Conj/Fire      #########.   1%          9    None
e - Apportation           Tloc           ######       1%          1    None
f - Deflect Missiles      Chrm/Air       ########..   1%          6    None
g - Flame Tongue          Conj/Fire      #####        0%          1    None
h - Regeneration          Chrm/Necr      #######...   1%          3    None
i - Bolt of Cold          Conj/Ice       ########..   1%          6    None
j - Tornado               Air            ########..   2%          9    None
k - Iron Shot             Conj/Erth      ########..   1%          6    None
l - Bolt of Fire          Conj/Fire      #########.   0%          6    None
m - Fireball              Conj/Fire      #########.   0%          5    None
n - Summon Butterflies    Summ           ######..     1%          1    None
o - Passage of Golubria   Tloc           N/A          1%          4    None
p - Sublimation of Blood  Necr           ######....   1%          2    None
q - Invisibility          Hex            ########     1%          6    None
r - Ignition              Fire           #########.   1%          8    None


Dungeon Overview and Level Annotations

Branches:
Dungeon (15/15)            Temple (1/1) D:5            Lair (6/6) D:10
  Swamp (4/4) Lair:2       Spider (4/4) Lair:2        Slime (0/5) Lair:6
    Orc (2/2) D:12            Elf (3/3) Orc:2        Vaults (5/5) D:14
  Crypt (3/3) Vaults:3       Tomb (3/3) Crypt:3      Depths (5/5) D:15
   Hell (1/1)                 Dis (7/7) Hell            Geh (7/7) Hell
    Coc (7/7) Hell            Tar (7/7) Hell            Zot (0/5) Depths:5

Altars:
Ashenzari
Cheibriados
Dithmenos
Elyvilon
Fedhas
Gozag
Hepliaklqana
Kikubaaqudgha
Makhleb
Nemelex Xobeh
Okawaru
Qazlal
Ru
Sif Muna
Uskayaw
Vehumet
Xom
Yredelemnul
Zin
The Shining One
Jiyva
Lugonu

Shops:
D:11 [   Orc:2 }(:[   Elf:3 [*(   Vaults:1 }   Vaults:2 !   Depths:1 [
Depths:2 %   Depths:3 *

Portals:
Hell: Depths:1 Depths:2 Depths:3 Depths:4 Depths:5
Abyss: Depths:4
Pandemonium: Depths:1 Depths:2 Depths:3 Depths:4
Ziggurat: Depths:3

Annotations:
D:7 Joseph
Geh:7 Asmodeus


Innate Abilities, Weirdness & Mutations

You can translocate small distances at will.
You are covered in fur. (AC +1)


Message History

Asmodeus hits you with a ruby sceptre!
Casting: Tornado
Confirm with . or Enter, or press ? or * to list all spells.
Aiming: Bolt of Cold
Press: ? - help, Shift-Dir - straight line, f/p - Asmodeus
Aim: Asmodeus, wielding a ruby sceptre (raging winds, severely wounded)
You feel a surge of power!
The bolt of cold hits Asmodeus.
Asmodeus is severely wounded.
You hear a sizzling sound!
You are engulfed in blazing flames.
You resist. Magic courses through your body.
You are engulfed in blazing flames.
You resist.
Asmodeus hits you with a ruby sceptre!!!
* * * LOW HITPOINT WARNING * * *
Casting: Bolt of Cold
Confirm with . or Enter, or press ? or * to list all spells.
You blink.
Asmodeus gestures at you.
The sphere of damnation explodes!
The damnation engulfs you!
You die...

§§§§§§§§.# #...≈≈≈§§≈≈§§).
§≈≈≈≈§...#
..##....≈§≈§≈≈≈≈≈.
≈≈§≈≈≈...#
..##....§§§≈≈≈§≈§.
≈≈§≈≈≈§§.#
..##...≈§§§≈§≈≈≈§§ ≈≈≈≈≈
#'####..≈§§§§≈§§§≈ §≈§≈
#######'####..§§≈§≈§≈§§§
§§§.
#§§§§§....##...§≈§≈§§§§≈
....
##§§.§§....##....§.≈§≈§§§
§§..
#§&§§§§.@..##........§§§≈
####
##'##############...§.≈≈§≈
#
#.§'............#§≈≈...§≈≈
#
#.#############†#§§≈≈...§≈
#
#.#..........)..#..≈≈..§§§
#
'.#.......).†...#.......§§
#
##'#.............#.........
#
}.#'#################....≈
#
..#............#....#....≈


You could see Asmodeus.

Vanquished Creatures
  Antaeus (Coc:7)
  Ereshkigal (Tar:7)
  the Serpent of Hell (Geh:7)
  Dispater (Dis:7)
  Mennas (Vaults:2)
  Mara (Depths:1)
  A juggernaut (Depths:4)
  7 ancient liches
  30 greater mummies
  9 shard shrikes
  Boris (Vaults:5)
  The ghost of alcopop the Scorcher, a veteran BaWz of Vehumet (WizLab)
  Sojobo (Vaults:2)
  the Lernaean hydra (Swamp:4)
  Frederick (Depths:4)
  Xtahua (Vaults:2)
  Geryon (Hell)
  A caustic shrike (Depths:4)
  2 golden dragons
  11 bone dragons
  6 doom hounds
  22 Tzitzimimeh
  12 Brimstone Fiends
  6 iron giants (Dis:7)
  7 Hell Sentinels (Dis:7)
  16 Ice Fiends
  6 tentacled monstrosities
  Rupert (Orc:2)
  Asterion (Elf:3)
  6 liches
  2 titans (Vaults:5)
  A deep elf blademaster (Elf:3)
  A quicksilver dragon (Vaults:5)
  3 deep elf master archers (Elf:3)
  13 sphinxes
  19 ancient champions
  An Executioner (Dis:7)
  4 storm dragons
  2 thorn hunters (Swamp:3)
  Frances (Spider:1)
  Gastronok (Orc:1)
  2 tentacled starspawn (Abyss:2)
  A sphinx (shapeshifter) (Vaults:5)
  15 tengu reavers
  Roxanne (D:14)
  9 shadow dragons
  A draconian monk (Depths:5)
  3 revenants
  6 frost giants
  The ghost of loopi the Thaumaturge, a journeyman DrWn of Kikubaaqudgha (Spider:1)
  6 cacodemons (Dis:7)
  12 fire giants
  A draconian knight (Depths:5)
  10 iron dragons
  The ghost of ultrashaft the Devastator, an adept DEFE of Vehumet (Spider:2)
  6 ghost moths
  18 vault wardens
  A ghost moth (shapeshifter) (Vaults:3)
  11 deep elf sorcerers
  4 curse skulls
  7 balrugs
  An orc warlord (Orc:1)
  5 ghouls (Crypt:1)
  5 deep elf elementalists
  Aizul (Vaults:3)
  8 emperor scorpions
  4 war gargoyles
  14 ironheart preservers
  47 reapers
  4 elemental wellsprings
  30 very ugly things
  7 vampire knights
  4 bennus
  A lorocyproca (Dis:7)
  33 stone giants
  6 entropy weavers
  8 deep elf demonologists
  A red draconian (Depths:5)
  A black draconian (Depths:5)
  5 spark wasps
  9 deep elf annihilators
  Azrael (D:13)
  2 ettins (shapeshifter)
  4 yellow draconians (Depths:5)
  5 deep elf death magi
  3 eidola
  3 quicksilver dragon zombies
  8 blizzard demons
  28 ettins
  A green death (Hell)
  24 mummy priests
  19 yaktaur captains
  2 kraken zombies
  10 fire dragons
  10 great orbs of eyes
  Erolcha (D:11)
  5 deep elf high priests
  7 jiangshi
  2 quicksilver dragon skeletons
  9 rakshasas
  25 vault guards (Vaults:5)
  6 catoblepae
  5 ghost crabs
  24 ice dragons
  32 hydras
  11 centaur warriors
  3 spriggan air magi
  5 death knights
  33 dancing weapons
  7 alligators
  23 ogre magi
  29 death scarabs
  74 two-headed ogres
  4 tengu warriors
  8 hell hogs
  13 deep troll shamans
  8 death yaks
  8 titan zombies
  8 vampire magi
  2 spriggan berserkers
  5 thrashing horrors
  4 orc high priests
  6 deep troll earth magi
  Urug (D:10)
  A shock serpent (shapeshifter) (Vaults:2)
  7 sun demons
  2 titan skeletons
  18 iron trolls
  3 wretched stars (Abyss:2)
  7 soul eaters
  A fire crab (shapeshifter) (Elf:1)
  4 shadow wraiths
  A salamander mystic (Depths:4)
  5 storm dragon zombies
  17 hell knights
  95 skeletal warriors
  24 deep elf knights
  An iron golem (Geh:7)
  2 spriggan druids
  A quicksilver dragon simulacrum (Crypt:3)
  A sixfirhy (Depths:4)
  4 unseen horrors
  19 flayed ghosts
  3 storm dragon skeletons
  A glowing orange brain (Depths:1)
  3 shadow demons (Tar:7)
  3 ghost moth zombies
  2 kraken simulacra
  2 death drakes
  16 ironbrand convokers
  2 unseen horrors (shapeshifter)
  5 starcursed masses
  6 shambling mangroves
  4 golden dragon zombies
  26 deep trolls
  4 wolf spider zombies
  9 anaconda zombies
  A cherub (Abyss:3)
  A harpy (shapeshifter) (Depths:1)
  23 deep elf archers
  8 wizards
  3 harpies (Vaults:3)
  10 swamp dragons
  6 iron dragon zombies
  32 phantasmal warriors
  A mana viper (shapeshifter) (Vaults:5)
  9 necromancers
  An orb spider (shapeshifter) (Vaults:1)
  18 orc knights
  A golden dragon skeleton (Coc:1)
  8 shadow dragon zombies
  A lindwurm (Lair:5)
  5 fire giant zombies
  2 manticores
  4 anaconda skeletons
  61 ugly things
  11 orb spiders
  25 wolf spiders
  A shining eye (shapeshifter) (Depths:4)
  3 tengu skeletons
  9 frost giant zombies
  75 deep elf magi
  7 orc sorcerers
  An oklob plant (Lair:5)
  A cyclops (shapeshifter) (Elf:2)
  7 shadow dragon skeletons
  A moth of wrath (Spider:4)
  2 salamanders (Depths:4)
  9 cyclopes
  6 stone giant zombies
  2 iron dragon skeletons
  5 dire elephant zombies
  17 vault sentinels
  A shock serpent zombie (Dis:7)
  3 stone giant skeletons
  2 worldbinders (Abyss:2)
  7 elephants
  5 spectral swamp worms (Depths:5)
  A frost giant skeleton (Tomb:3)
  25 rust devils
  18 molten gargoyles
  A moth of wrath (shapeshifter) (Vaults:3)
  13 fire giant skeletons
  A guardian serpent (shapeshifter) (Vaults:2)
  2 titan simulacra (Coc:7)
  Psyche (D:11)
  A torpor snail (shapeshifter) (Vaults:2)
  A naga mage (Depths:1)
  5 black mambas
  2 ice statues (Hell)
  2 eyes of devastation (shapeshifter) (Vaults:5)
  A green draconian zombie (Dis:7)
  5 gargoyles
  4 smoke demons
  A torpor snail (Spider:2)
  An orange demon (Depths:4)
  4 catoblepas zombies
  14 hellions
  A storm dragon simulacrum (Coc:7)
  A dire elephant skeleton (Crypt:3)
  24 spiny frogs
  8 komodo dragons
  A rime drake (shapeshifter) (Depths:3)
  5 rime drakes
  3 efreet
  7 demonic crawlers
  27 tormentors
  53 yaktaurs
  A hellwing (Tar:7)
  A catoblepas skeleton (Coc:1)
  2 anaconda simulacra (Coc:7)
  26 freezing wraiths
  2 kobold demonologists (D:13)
  32 ice devils
  17 red devils
  20 hydra zombies
  A human skeleton (Vaults:4)
  24 jumping spiders
  2 silent spectres (Tar:7)
  4 ancient zymes
  A jumping spider (shapeshifter) (Depths:1)
  3 harpy zombies
  6 tengu conjurers
  14 large abominations
  13 tyrant leeches
  44 guardian mummies
  11 polar bears
  A queen bee (shapeshifter) (Depths:1)
  12 trolls
  5 harpy skeletons
  23 blink frogs
  A wind drake (shapeshifter) (D:13)
  4 ice dragon zombies
  11 raiju
  A slime creature (shapeshifter) (D:14)
  10 hydra skeletons
  19 bog bodies
  30 hornets
  2 human simulacra
  33 slime creatures
  7 fire dragon zombies
  8 ettin zombies
  10 hippogriffs
  2 alligator zombies
  A black mamba zombie (Dis:7)
  3 alligator skeletons
  9 fire dragon skeletons
  3 ynoxinuls
  5 air elementals
  5 spriggans
  36 shadows
  128 flying skulls
  24 wraiths
  A tarantella (shapeshifter) (Depths:3)
  33 tarantellas
  32 ushabtiu
  84 redbacks
  A redback (shapeshifter) (Vaults:2)
  A wyvern (shapeshifter) (D:15)
  A dire elephant simulacrum (Hell)
  4 vampires (WizLab)
  2 spriggans (shapeshifter)
  13 water elementals
  5 ettin skeletons
  7 ice dragon skeletons
  5 fire bats
  29 fire elementals
  A human (shapeshifter) (Vaults:2)
  22 yaks
  A black mamba skeleton (Coc:1)
  3 wyverns
  3 golden eyes (shapeshifter)
  5 basilisks
  A neqoxec (Abyss:3)
  A yaktaur simulacrum (Vaults:2)
  10 small abominations
  A steam dragon (Lair:6)
  9 hungry ghosts
  27 vampire mosquitoes
  A two-headed ogre zombie (WizLab)
  9 insubstantial wisps (Swamp:3)
  24 swamp worms
  7 wargs
  2 chaos spawn (Depths:4)
  A soldier ant (shapeshifter) (D:14)
  A deep troll zombie (Crypt:2)
  A glowing shapeshifter zombie (Crypt:1)
  9 hydra simulacra
  5 spiny frog zombies
  51 hell hounds
  4 acid dragons
  A merfolk zombie (Hell)
  13 water moccasins
  A deep troll skeleton (Vaults:4)
  6 spiny frog skeletons
  13 porcupines
  19 swamp drakes
  2 sky beasts
  8 ice beasts
  14 black bears
  48 orc warriors
  17 necrophages
  2 manticore zombies
  12 phantoms
  A hornet zombie (D:14)
  15 boggarts
  An ice dragon simulacrum (Crypt:3)
  4 snapping turtle skeletons
  3 swamp dragon skeletons
  11 centaurs
  20 wolves
  51 ogres
  2 snapping turtle zombies
  3 manticore skeletons
  A big kobold (D:13)
  24 crocodiles
  A hog skeleton (Crypt:2)
  14 bullfrogs
  2 cyclops zombies (Depths:4)
  6 earth elementals
  A water moccasin zombie (D:10)
  A shapeshifter zombie (Crypt:2)
  4 scorpions
  7 killer bees
  A manticore simulacrum (Hell)
  6 troll zombies (WizLab)
  A spriggan skeleton (Crypt:1)
  7 electric eels
  2 howler monkeys (D:11)
  45 wights
  14 crimson imps
  4 lava snakes (Volcano)
  2 centaur zombies
  A soldier ant zombie (Crypt:1)
  2 bullfrog zombies
  4 bullfrog skeletons
  3 human zombies
  A quasit (D:10)
  24 orc priests
  3 centaur skeletons
  6 hounds
  19 iron imps
  8 jellies
  Jessica (D:2)
  Ijyb (D:4)
  4 iguanas
  Natasha (thrice) (D:2)
  33 orc wizards
  6 worker ants
  5 hell rats (Hell)
  3 tengu zombies
  A crocodile zombie (Crypt:2)
  5 ogre zombies
  A naga skeleton (Tar:7)
  2 ogre skeletons
  A hound skeleton (D:5)
  42 mummies
  20 gnolls
  2 worker ant zombies
  16 adders
  13 shadow imps
  8 white imps
  5 oozes
  An adder skeleton (D:5)
  18 worms
  4 dart slugs
  6 leopard geckos
  108 orcs
  2 bat zombies (D:5)
  5 giant cockroaches
  9 goblins
  5 hobgoblins
  6 jackals
  9 kobolds
  7 quokkas
  4 ball pythons
  5 bats
  3 frilled lizards
  A gnoll zombie (Crypt:2)
  A goblin skeleton (Crypt:1)
  A kobold skeleton (Tar:7)
  A kobold zombie (Dis:7)
  An orc skeleton (Crypt:1)
  An orc zombie (Dis:7)
  A quokka skeleton (D:4)
  6 rats
  A rat zombie (Crypt:2)
  A bush (Swamp:4)
  A butterfly (Lair:1)
  2 crawling corpses (Vaults:5)
  18 fire vortices
  A fungus (Lair:6)
  12 plants
  A starspawn tentacle (Abyss:2)
  4 tentacles (Coc:7)
  3 withered plants (Crypt:3)
3866 creatures vanquished.

Vanquished Creatures (collateral kills)
  3 greater mummies
  2 liches
  A deep elf blademaster (Elf:3)
  An ancient champion (Dis:7)
  A sphinx (Tomb:1)
  A cacodemon (Dis:7)
  2 iron dragons
  An ironheart preserver (Vaults:5)
  2 very ugly things
  4 stone giants
  A blizzard demon (Hell)
  Harold (D:12)
  2 ice dragons
  A two-headed ogre (D:8)
  A hell hog (Geh:7)
  A deep troll earth mage (Depths:1)
  2 iron trolls
  2 skeletal warriors
  A deep troll (Depths:3)
  An anaconda zombie (Dis:7)
  A deep elf archer (Elf:3)
  2 deep elf magi
  An ugly thing (Depths:2)
  A stone giant zombie (Geh:1)
  An iron dragon skeleton (Tar:2)
  A dire elephant zombie (Hell)
  A dire elephant skeleton (Crypt:1)
  An ice devil (Tar:7)
  2 freezing wraiths
  A demonic crawler (Abyss:3)
  A hydra zombie (Hell)
  An anaconda simulacrum (Hell)
  A silent spectre (Tar:7)
  A meliai (shapeshifter) (Vaults:4)
  A raiju (Abyss:2)
  A meliai zombie (D:12)
  A slime creature (Vaults:1)
  A black mamba zombie (Tar:2)
  2 shadows
  A redback (Spider:4)
  A water elemental (Coc:3)
  A golden eye (shapeshifter) (Depths:2)
  A harpy simulacrum (Hell)
  A water moccasin (shapeshifter) (Vaults:3)
  3 small abominations
  2 ice beasts
  A phantom (Tar:4)
  An orc warrior (D:12)
  A necrophage (Tar:2)
  A manticore zombie (Tar:4)
  An ogre (Vaults:1)
  A boggart (Depths:3)
  2 gnoll sergeants
  A troll zombie (WizLab)
  8 wights
  2 lava snakes (Volcano)
  2 orc wizards
  A bullfrog skeleton (D:12)
  An ogre zombie (WizLab)
  A big kobold skeleton (Crypt:2)
  11 mummies
  3 gnolls
  A white imp (Coc:7)
  7 orcs
  3 crawling corpses (Vaults:5)
112 creatures vanquished.

Vanquished Creatures (others)
  An eldritch tentacle (Tar:7)
  4 death scarabs (Tomb:3)
  A hell hog (Geh:6)
  A skeletal warrior (Tomb:2)
  A spiny frog zombie (Tomb:2)
  5 mummies (Tomb:2)
  An orc (Orc:2)
  1041 fire vortices
  16 fungi
  2 lurking horrors (Abyss:3)
  55 plants
  A starspawn tentacle (Abyss:2)
  28 withered plants (Crypt:3)
1157 creatures vanquished.

Grand Total: 5135 creatures vanquished

Notes
Turn   | Place    | Note
-------+----------+-------------------------------------------
     0 | D:1      | InabaYap the Deep Elf Wizard began the quest for the Orb.
     0 | D:1      | Reached XP level 1. HP: 10/10 MP: 7/7
   213 | D:1      | Reached XP level 2. HP: 15/15 MP: 1/9
   595 | D:1      | Learned a level 2 spell: Blink
   923 | D:2      | Reached XP level 3. HP: 19/19 MP: 5/10
   982 | D:2      | Learned a level 3 spell: Conjure Flame
   986 | D:2      | Learned a level 3 spell: Mephitic Cloud
  1126 | D:2      | Noticed Natasha
  1145 | D:2      | Killed Natasha
  1145 | D:2      | Reached skill level 1 in Fire Magic
  1147 | D:2      | Noticed Natasha
  1152 | D:2      | Killed Natasha
  1152 | D:2      | Reached XP level 4. HP: 24/24 MP: 1/12
  1265 | D:2      | Noticed Natasha
  1273 | D:2      | Killed Natasha
  1586 | D:2      | Reached XP level 5. HP: 28/28 MP: 6/13
  1712 | D:2      | Found a sacrificial altar of Ru.
  1919 | D:2      | Noticed Jessica
  1922 | D:2      | Killed Jessica
  2071 | D:2      | Reached skill level 5 in Conjurations
  2456 | D:3      | Learned a level 1 spell: Apportation
  2608 | D:3      | Reached XP level 6. HP: 32/32 MP: 8/14
  3611 | D:4      | Found a basalt altar of Yredelemnul.
  3620 | D:4      | Reached skill level 5 in Spellcasting
  3691 | D:4      | Reached XP level 7. HP: 36/36 MP: 5/16
  3865 | D:4      | Got a warped morningstar {crush}
  3883 | D:4      | Noticed Ijyb
  3898 | D:4      | Killed Ijyb
  4493 | D:5      | Entered Level 5 of the Dungeon
  4494 | D:5      | Found a stormy altar of Qazlal.
  4499 | D:5      | Found a blossoming altar of Fedhas.
  4500 | D:5      | Got a heavily runed lead ring
  4505 | D:5      | Identified the ring of Okawaru's Condemnation {+Fly rPois Str+4} (You found it on level 5 of the Dungeon)
  4976 | D:5      | Found a staircase to the Ecumenical Temple.
  5010 | Temple   | Entered the Ecumenical Temple
  5861 | D:5      | Found an ancient bone altar of Kikubaaqudgha.
  5958 | D:6      | Reached XP level 8. HP: 41/41 MP: 8/19
  6465 | D:6      | Learned a level 2 spell: Call Imp
  6489 | D:6      | Found an iron altar of Okawaru.
  6661 | D:6      | Found a radiant altar of Vehumet.
  6669 | D:6      | Became a worshipper of Vehumet
  7383 | D:7      | Noticed Joseph
  7574 | D:7      | Found a shimmering altar of Xom.
  7575 | D:7      | Found a shimmering altar of Xom.
  7575 | D:7      | Found a shimmering altar of Xom.
  7575 | D:7      | Found a shimmering altar of Xom.
  7578 | D:7      | Found a shimmering altar of Xom.
  7982 | D:8      | Noticed a two-headed ogre
  7999 | D:8      | Killed a two-headed ogre
  7999 | D:8      | Reached skill level 5 in Dodging
  7999 | D:8      | Reached XP level 9. HP: 45/45 MP: 6/22
  8260 | D:8      | Reached * piety under Vehumet
  8260 | D:8      | Offered knowledge of Flame Tongue by Vehumet.
  8276 | D:8      | Learned a level 1 spell: Flame Tongue
  8358 | D:8      | Found a shattered altar of Ashenzari.
  9608 | D:9      | Noticed a brown ugly thing
  9616 | D:9      | Killed a brown ugly thing
  9616 | D:9      | Reached skill level 1 in Fighting
  9892 | D:9      | Found a burning altar of Makhleb.
  9939 | D:9      | Reached skill level 1 in Armour
  9989 | D:9      | Reached XP level 10. HP: 52/52 MP: 7/24
 10199 | D:9      | Learned a level 3 spell: Regeneration
 10389 | D:9      | Reached ** piety under Vehumet
 10389 | D:9      | Offered knowledge of Freeze by Vehumet.
 10447 | D:9      | Noticed a two-headed ogre
 10458 | D:9      | Killed a two-headed ogre
 10458 | D:9      | Reached skill level 10 in Conjurations
 10568 | D:9      | Noticed a two-headed ogre
 10581 | D:9      | Killed a two-headed ogre
 10748 | D:9      | Found a glowing silver altar of Zin.
 11177 | D:10     | Entered Level 10 of the Dungeon
 11177 | D:10     | Noticed a two-headed ogre
 11374 | D:10     | Found a staircase to the Lair.
 11429 | D:10     | Killed a two-headed ogre
 11429 | D:10     | Reached skill level 10 in Fire Magic
 11603 | D:10     | Offered knowledge of Searing Ray by Vehumet.
 11680 | D:10     | Learned a level 2 spell: Searing Ray
 11700 | D:10     | Found a glowing golden altar of the Shining One.
 11770 | D:10     | Reached *** piety under Vehumet
 11886 | D:10     | Noticed Urug
 12047 | Lair:1   | Entered Level 1 of the Lair of Beasts
 12064 | Lair:1   | Noticed a black mamba
 12068 | Lair:1   | Killed a black mamba
 12121 | Lair:1   | Reached XP level 11. HP: 61/61 MP: 16/26
 13545 | Lair:2   | Found a hole to the Spider Nest.
 13862 | Lair:2   | Found a dark tunnel.
 13870 | Volcano  | Entered a volcano
 13955 | Volcano  | Offered knowledge of Stone Arrow by Vehumet.
 13961 | Volcano  | Learned a level 3 spell: Stone Arrow
 15694 | Lair:2   | Found a staircase to the Swamp.
 16165 | Lair:3   | Noticed a catoblepas
 16169 | Lair:3   | Reached **** piety under Vehumet
 16170 | Lair:3   | Killed a catoblepas
 16175 | Lair:3   | Noticed a four-headed hydra
 16175 | Lair:3   | Reached XP level 12. HP: 42/68 MP: 8/27
 16180 | Lair:3   | Killed a four-headed hydra
 16180 | Lair:3   | Reached skill level 5 in Fighting
 16219 | Lair:3   | Offered knowledge of Lightning Bolt by Vehumet.
 16352 | Lair:3   | Learned a level 5 spell: Lightning Bolt
 17504 | Lair:4   | Got a bound platinum ring
 17506 | Lair:4   | Identified the ring of Nuwepsil {Str+2 Int+3 Dex+3 SInv} (You found it on level 4 of the Lair of Beasts)
 19409 | Lair:5   | Noticed a four-headed hydra
 19412 | Lair:5   | Killed a four-headed hydra
 19595 | Lair:5   | Noticed a six-headed hydra
 19597 | Lair:5   | Reached skill level 1 in Necromancy
 19645 | Lair:5   | Killed a six-headed hydra
 19699 | Lair:5   | Noticed a four-headed hydra
 19714 | Lair:5   | Killed a four-headed hydra
 20192 | Lair:5   | Reached XP level 13. HP: 74/74 MP: 20/28
 20195 | Lair:5   | Reached skill level 1 in Evocations
 20330 | Lair:5   | Reached skill level 15 in Conjurations
 21386 | D:10     | Reached skill level 10 in Spellcasting
 21608 | D:10     | Killed Urug
 21893 | D:10     | Reached ***** piety under Vehumet
 21893 | D:10     | Offered knowledge of Lee's Rapid Deconstruction by Vehumet.
 22522 | D:11     | Noticed Erolcha
 22529 | D:11     | Killed Erolcha
 22973 | D:11     | Reached skill level 1 in Staves
 23185 | D:11     | Found Kyskioff's Armour Emporium.
 23495 | D:11     | Noticed Psyche
 23498 | D:11     | Killed Psyche
 24054 | D:12     | Got a distressingly furry helmet
 24428 | D:12     | Identified the +0 helmet of an ice cave {rPois rF+ MR+++ Str-2} (You found it on level 12 of the Dungeon)
 24449 | D:12     | Found a staircase to the Orcish Mines.
 24457 | D:12     | Noticed Harold
 24474 | D:12     | Killed Harold
 24507 | D:12     | Offered knowledge of Bolt of Fire by Vehumet.
 24667 | D:12     | Learned a level 6 spell: Bolt of Fire
 24829 | D:12     | Found a portal to a secret trove of treasure.
 25796 | Orc:1    | Entered Level 1 of the Orcish Mines
 26002 | D:12     | Reached skill level 1 in Charms
 26143 | Orc:1    | Noticed Gastronok
 26146 | Orc:1    | Killed Gastronok
 26355 | Orc:2    | Entered Level 2 of the Orcish Mines
 26364 | Orc:2    | Noticed Rupert
 26367 | Orc:2    | Killed Rupert
 26367 | Orc:2    | Reached XP level 14. HP: 80/80 MP: 17/31
 26618 | Orc:2    | Found a staircase to the Elven Halls.
 28611 | Orc:2    | Found Parroetz's Antique Armour Boutique.
 28611 | Orc:2    | Found Zomelo's Book Shoppe.
 28613 | Orc:2    | Found Pirogriuc's Weapon Boutique.
 28613 | Orc:2    | Found Woosmofick's Gadget Shoppe.
 28751 | Orc:2    | Bought a book of Flames for 385 gold pieces
 28757 | Orc:2    | Learned a level 5 spell: Fireball
 29015 | Lair:5   | Offered knowledge of Bolt of Magma by Vehumet.
 29081 | Lair:6   | Entered Level 6 of the Lair of Beasts
 29142 | Lair:6   | Reached skill level 5 in Evocations
 30327 | Lair:6   | Learned a level 5 spell: Bolt of Magma
 31156 | Lair:6   | Offered knowledge of Poison Arrow by Vehumet.
 31646 | Lair:6   | Reached XP level 15. HP: 81/84 MP: 27/34
 31942 | Lair:6   | Found a viscous altar of Jiyva.
 31942 | Lair:6   | Found a staircase to the Slime Pits.
 32068 | Lair:6   | Reached skill level 5 in Charms
 32478 | Lair:6   | Got a slimy robe
 32489 | Lair:6   | Identified the +1 robe "Yheacun" {rPois rC++ rCorr Str+2} (You found it on level 6 of the Lair of Beasts)
 33098 | Orc:2    | Bought the Incunabulum of Enhancements and Shape Shifting for 596 gold pieces
 33103 | Orc:2    | Bought a pair of polished gloves for 294 gold pieces
 33115 | Orc:2    | Identified the +1 pair of gloves of Melancholy {rF+} (You bought it in a shop on level 2 of the Orcish Mines)
 33430 | D:13     | Found a runed door.
 33642 | D:13     | Found a runed door.
 33842 | D:13     | Noticed Azrael
 33848 | D:13     | Killed Azrael
 33848 | D:13     | Reached skill level 15 in Fire Magic
 34772 | D:14     | Offered knowledge of Bolt of Cold by Vehumet.
 34814 | D:14     | Learned a level 6 spell: Bolt of Cold
 35064 | D:14     | Found a gate to the Vaults.
 35186 | D:14     | Noticed Roxanne
 35787 | D:14     | Killed Roxanne
 35787 | D:14     | Reached ****** piety under Vehumet
 35794 | D:14     | Identified Roxanne's Incunabulum of Transmutation (You took it off Roxanne on level 14 of the Dungeon)
 36495 | D:13     | Reached skill level 1 in Shields
 36582 | Orc:2    | Learned a level 6 spell: Deflect Missiles
 36812 | Swamp:1  | Entered Level 1 of the Swamp
 37363 | Swamp:1  | Offered knowledge of Spellforged Servitor by Vehumet.
 38555 | Swamp:2  | Reached XP level 16. HP: 88/88 MP: 25/36
 39162 | Swamp:3  | Noticed a thorn hunter
 39164 | Swamp:3  | Killed a thorn hunter
 39745 | Swamp:3  | Noticed a thorn hunter
 39746 | Swamp:3  | Killed a thorn hunter
 40199 | Swamp:3  | Offered knowledge of Conjure Ball Lightning by Vehumet.
 40739 | Swamp:4  | Entered Level 4 of the Swamp
 41861 | Swamp:3  | Noticed a thorn hunter
 42344 | Swamp:4  | Reached skill level 15 in Spellcasting
 42460 | Swamp:4  | Noticed the 27-headed Lernaean hydra
 42464 | Swamp:4  | Killed the 27-headed Lernaean hydra
 42464 | Swamp:4  | Reached skill level 10 in Charms
 42471 | Swamp:4  | Got a decaying rune of Zot
 42634 | Swamp:4  | Got a crystal hand crossbow
 42635 | Swamp:4  | Identified the +8 hand crossbow of Gios {elec, Dex+2 SInv} (You found it on level 4 of the Swamp)
 42838 | Spider:1 | Entered Level 1 of the Spider Nest
 42840 | Spider:1 | Reached XP level 17. HP: 93/93 MP: 38/38
 42842 | Spider:1 | Offered knowledge of Fire Storm by Vehumet.
 42842 | Spider:1 | Offered knowledge of Tornado by Vehumet.
 42842 | Spider:1 | Offered knowledge of Ignition by Vehumet.
 42912 | Spider:1 | Noticed Frances
 42914 | Spider:1 | Killed Frances
 43239 | Spider:1 | Noticed loopi's ghost (journeyman DrWn)
 43476 | Spider:1 | Killed loopi's ghost
 44619 | Spider:2 | Noticed ultrashaft's ghost (adept DEFE)
 44631 | Spider:2 | Killed ultrashaft's ghost
 46141 | Spider:4 | Entered Level 4 of the Spider Nest
 46155 | Spider:3 | Learned a level 9 spell: Fire Storm
 47430 | Spider:3 | Reached XP level 18. HP: 98/98 MP: 25/39
 48326 | Spider:4 | Got a gossamer rune of Zot
 49000 | D:15     | Entered Level 15 of the Dungeon
 49806 | D:15     | Found a staircase to the Depths.
 50225 | Depths:1 | Entered Level 1 of the Depths
 50942 | Depths:1 | Found Xaublas's Antique Armour Shoppe.
 51104 | Depths:1 | Noticed Mara
 51107 | Depths:1 | Killed Mara
 51893 | Depths:1 | Reached XP level 19. HP: 103/103 MP: 32/42
 52098 | Depths:1 | Found a radiant altar of Vehumet.
 52116 | Depths:1 | Learned a level 6 spell: Iron Shot
 52128 | Depths:1 | Got a warped robe
 52139 | Depths:1 | Identified the +1 robe of the Sky {SInv Stlth+} (You found it on level 1 of the Depths)
 52153 | Depths:1 | Got a polished hat
 52164 | Depths:1 | Identified the +0 hat of Ytwaet {rCorr} (You found it on level 1 of the Depths)
 52406 | Depths:1 | Found a gateway to Hell.
 52551 | Depths:1 | Found a one-way gate leading to the halls of Pandemonium.
 53691 | Depths:2 | Found Xosiexoneo's Food Boutique.
 53700 | Depths:2 | Bought a royal jelly for 20 gold pieces
 53700 | Depths:2 | Bought a royal jelly for 20 gold pieces
 53700 | Depths:2 | Bought a royal jelly for 20 gold pieces
 53700 | Depths:2 | Bought a royal jelly for 20 gold pieces
 53700 | Depths:2 | Bought a royal jelly for 20 gold pieces
 54408 | Depths:3 | Reached XP level 20. HP: 108/108 MP: 32/44
 54677 | Depths:3 | Found a gateway to a ziggurat.
 54690 | Depths:3 | Found Xeewenyc's General Store.
 55324 | Depths:4 | Noticed a golden dragon
 55338 | Depths:4 | Killed a golden dragon
 55969 | Depths:3 | Identified a scroll of acquirement
 56161 | Depths:4 | Got a crystal lajatang {antimagic}
 56332 | Depths:4 | Found a one-way gate to the infinite horrors of the Abyss.
 56854 | Depths:4 | Noticed Frederick
 56855 | Depths:4 | Killed Frederick
 56855 | Depths:4 | Reached XP level 21. HP: 112/112 MP: 28/46
 57124 | Depths:4 | Noticed a juggernaut
 57126 | Depths:4 | Killed a juggernaut
 57206 | Depths:4 | Noticed a caustic shrike
 57212 | Depths:4 | Killed a caustic shrike
 57404 | Depths:5 | Entered Level 5 of the Depths
 58046 | Depths:5 | Found a gate to the Realm of Zot.
 58217 | Depths:5 | Noticed a golden dragon
 58219 | Depths:5 | Killed a golden dragon
 58555 | Depths:5 | Found a gateway to a bazaar.
 59062 | Elf:1    | Entered Level 1 of the Elven Halls
 59064 | Elf:1    | Reached skill level 10 in Evocations
 59545 | Elf:1    | Got a twitching glass ring
 59547 | Elf:1    | Identified the ring "Kucus" {+Blink rC+ MR- Str+4 Int+3 SInv} (You took it off a deep elf archer on level 1 of the Elven Halls)
 59904 | Elf:1    | Found a deep blue altar of Sif Muna.
 59939 | Elf:1    | Got a warped chain mail
 59950 | Elf:1    | Identified the +2 chain mail of Syndicalism {Dex+6} (You found it on level 1 of the Elven Halls)
 60005 | Elf:1    | Learned a level 1 spell: Summon Butterflies
 60062 | Elf:1    | Reached XP level 22. HP: 120/120 MP: 34/48
 60353 | Elf:2    | Found a deep blue altar of Sif Muna.
 60400 | Elf:2    | Found a flickering gateway to a bazaar.
 60447 | Elf:2    | Got a heavily runed leather armour
 60458 | Elf:2    | Identified the +0 leather armour of Eternal Night {rPois Stlth+} (You found it on level 2 of the Elven Halls)
 60778 | Elf:2    | Found a runed gate.
 60778 | Elf:2    | Found a runed gate.
 60778 | Elf:2    | Found a runed gate.
 61454 | Elf:2    | Cast into level 2 of the Abyss (quick blade of distortion)
 61546 | Abyss:2  | Gained mutation: You passively map a small area around you. [potion of mutation]
 61546 | Abyss:2  | Gained mutation: You have a pair of small horns on your head. [potion of mutation]
 61546 | Abyss:2  | Gained mutation: You have a pair of horns on your head. [potion of mutation]
 61546 | Abyss:2  | Gained mutation: Your system is resistant to poisons. (rPois) [potion of mutation]
 61547 | Abyss:2  | Lost mutation: You passively map a small area around you. [potion of mutation]
 61547 | Abyss:2  | Lost mutation: You have a pair of horns on your head. [potion of mutation]
 61547 | Abyss:2  | Lost mutation: Your system is resistant to poisons. (rPois) [potion of mutation]
 61547 | Abyss:2  | Lost mutation: You have a pair of small horns on your head. [potion of mutation]
 61547 | Abyss:2  | Gained mutation: Your natural rate of healing is unusually fast. [potion of mutation]
 61547 | Abyss:2  | Gained mutation: Scrolls take you a little longer to read. [potion of mutation]
 61547 | Abyss:2  | Gained mutation: You heal very quickly. [potion of mutation]
 61578 | Abyss:2  | Lost mutation: Scrolls take you a little longer to read. [potion of mutation]
 61578 | Abyss:2  | Lost mutation: You heal very quickly. [potion of mutation]
 61578 | Abyss:2  | Lost mutation: Your natural rate of healing is unusually fast. [potion of mutation]
 61578 | Abyss:2  | Gained mutation: You can translocate small distances at will. [potion of mutation]
 61578 | Abyss:2  | Gained mutation: You are covered in fur. (AC +1) [potion of mutation]
 62433 | Elf:2    | Escaped the Abyss
 62707 | Elf:3    | Entered Level 3 of the Elven Halls
 62707 | Elf:3    | Found Joghu's Antique Armour Shoppe.
 62739 | Elf:3    | Bought a pair of warped gloves for 418 gold pieces
 62749 | Elf:3    | Identified the +2 pair of gloves "Rez Zeos" {rElec rPois} (You bought it in a shop on level 3 of the Elven Halls)
 62783 | Elf:3    | Found Deig's Assorted Antiques.
 62788 | Elf:3    | Found Idiv's Weapon Emporium.
 62794 | Elf:3    | Bought a scroll labeled QAUFEME DYSEXEID for 30 gold pieces
 63166 | Elf:3    | Noticed Asterion
 63167 | Elf:3    | Killed Asterion
 63307 | Elf:3    | Got an ancient amethyst amulet
 63309 | Elf:3    | Identified the amulet "Viwe" {Spirit rPois rN+++ MR+ Str-3} (You took it off a deep elf master archer on level 3 of the Elven Halls)
 63766 | Elf:3    | Got a heavily runed copper ring
 63768 | Elf:3    | Identified the ring "Mitag" {+Blink rElec rPois MR+ Slay+2 Stlth-} (You took it off a deep elf blademaster on level 3 of the Elven Halls)
 63886 | Elf:3    | Reached XP level 23. HP: 128/128 MP: 34/50
 64012 | Elf:3    | Learned a level 4 spell: Passage of Golubria
 64021 | Elf:3    | Got a smoking scimitar
 64022 | Elf:3    | Identified the cursed +1 scimitar "Sutwuont" {venom, +Fly MR- Int+3} (You found it on level 3 of the Elven Halls)
 65589 | Vaults:1 | Entered Level 1 of the Vaults
 65808 | Vaults:1 | Found Uteekil's Gadget Shoppe.
 65839 | Vaults:1 | Found a magical portal.
 65931 | WizLab   | Entered Zonguldrok's Shrine
 65944 | WizLab   | Noticed alcopop's ghost (veteran BaWz)
 65953 | WizLab   | Killed alcopop's ghost
 66638 | WizLab   | Noticed an antique lich
 66640 | WizLab   | Killed an antique lich
 67240 | Vaults:1 | Found a basalt altar of Yredelemnul.
 67748 | Vaults:2 | Reached skill level 5 in Stealth
 68017 | Vaults:2 | Reached skill level 10 in Dodging
 68234 | Vaults:2 | Noticed Mennas
 68236 | Vaults:2 | Killed Mennas
 68236 | Vaults:2 | Reached skill level 5 in Staves
 68388 | Vaults:2 | Noticed Xtahua
 68397 | Vaults:2 | Killed Xtahua
 68538 | Vaults:2 | Reached XP level 24. HP: 135/135 MP: 37/50
 68552 | Vaults:2 | Noticed Sojobo
 68554 | Vaults:2 | Killed Sojobo
 68720 | Vaults:2 | Learned a level 2 spell: Sublimation of Blood
 69045 | Vaults:2 | Found Zimi's Distillery.
 69580 | Vaults:3 | Noticed Aizul
 69582 | Vaults:3 | Killed Aizul
 69611 | Vaults:3 | Found a staircase to the Crypt.
 69789 | Vaults:3 | Got a smoking ring mail
 69800 | Vaults:3 | Identified the cursed +1 ring mail "Coliosak" {rN+} (You found it on level 3 of the Vaults)
 70828 | Vaults:4 | Reached skill level 5 in Shields
 71276 | Vaults:4 | Reached XP level 25. HP: 141/141 MP: 36/51
 71786 | D:12     | You paid a toll of 20 scrolls of identify to enter a treasure trove
 71787 | Trove    | Entered a treasure trove
 71801 | Trove    | Got a steaming glass ring
 71803 | Trove    | Got a heavily runed lapis lazuli ring
 71805 | Trove    | Got a pitted pewter ring
 71807 | Trove    | Got a fine tin ring
 71809 | Trove    | Got a scorched brass amulet
 71817 | Trove    | Got a glittering lead ring
 71819 | Trove    | Got a slimy turquoise ring
 71821 | Trove    | Got a transparent iron ring
 71823 | Trove    | Got a crude golden amulet
 71825 | Trove    | Got a shimmering amber ring
 71829 | Trove    | Got a glittering bronze amulet
 71831 | Trove    | Identified the ring of the Coward {Ice +Blink} (You found it in a treasure trove)
 71833 | Trove    | Identified the ring "Fint" {rElec rN++ Dex-4 Stlth-} (You found it in a treasure trove)
 71837 | Trove    | Identified the ring of Yneku {rPois rC++ Str-4 Dex+4} (You found it in a treasure trove)
 71839 | Trove    | Identified the ring "Umig" {rElec rN+ MP+9} (You found it in a treasure trove)
 71841 | Trove    | Identified the ring of the Exiled Cities {MP+9 Int+3 Dex+5} (You found it in a treasure trove)
 71843 | Trove    | Identified the ring "Qaent" {*Slow rN+ MR+ Int+4 Dex+4} (You found it in a treasure trove)
 71845 | Trove    | Identified the ring "Ateusoecw" {Ice Dex+2 SInv} (You found it in a treasure trove)
 71847 | Trove    | Identified the ring "Suynuv" {rC+ Str+5} (You found it in a treasure trove)
 71850 | Trove    | Identified the amulet of Ofyump {rC+ Regen+ Dex+3} (You found it in a treasure trove)
 71852 | Trove    | Identified the amulet of Fixation {Fragile +Inv rF++ Regen+ Stlth+} (You found it in a treasure trove)
 71853 | Trove    | Identified the amulet of Zublace {Regen+ Dex+4} (You found it in a treasure trove)
 72086 | Vaults:5 | Entered Level 5 of the Vaults
 72093 | Vaults:5 | Noticed Boris
 72094 | Vaults:5 | Killed Boris
 72094 | Vaults:5 | Reached skill level 10 in Shields
 72311 | Vaults:5 | Got a sparkling diamond amulet
 72314 | Vaults:5 | Identified the amulet of Zinerat {+Rage rN+} (You took it off a deep elf sorcerer on level 5 of the Vaults)
 72511 | Vaults:5 | Got a scintillating brass ring
 72513 | Vaults:5 | Identified the ring "Ycy Rufa" {Ice *Drain rN+ Str+9} (You took it off a vault warden on level 5 of the Vaults)
 72632 | Vaults:5 | Identified the Incunabulum of the Creative Mountains
 73577 | Vaults:5 | Got a shimmering ring mail
 73578 | Vaults:5 | Identified the +7 ring mail of the Leaf {Stlth+} (You found it on level 5 of the Vaults)
 73763 | Vaults:5 | Got a silver rune of Zot
 73932 | Vaults:5 | Reached XP level 26. HP: 146/146 MP: 40/51
 74112 | Vaults:5 | Got a distressingly furry ring mail
 74117 | Vaults:5 | Identified the +3 ring mail of the Gloaming {rF- Regen+ Str+7 Int-5} (You found it on level 5 of the Vaults)
 74161 | Vaults:5 | Identified the Disquisition on Flamy Damage Dealing
 74206 | Vaults:5 | Reached skill level 1 in Hexes
 74408 | Vaults:2 | Reached skill level 5 in Hexes
 74421 | Vaults:2 | Bought a potion of resistance for 210 gold pieces
 74421 | Vaults:2 | Bought 2 potions of mutation for 336 gold pieces
 74421 | Vaults:2 | Bought a potion of heal wounds for 105 gold pieces
 74421 | Vaults:2 | Bought a potion of heal wounds for 105 gold pieces
 75270 | Crypt:1  | Entered Level 1 of the Crypt
 75506 | Crypt:1  | Reached skill level 10 in Hexes
 75549 | Crypt:1  | Reached skill level 15 in Shields
 76716 | Crypt:3  | Entered Level 3 of the Crypt
 78197 | Crypt:3  | Found a staircase to the Tomb.
 78208 | Crypt:3  | Noticed an ancient lich
 78209 | Crypt:3  | Killed an ancient lich
 78259 | Crypt:3  | Learned a level 6 spell: Invisibility
 78685 | Tomb:1   | Entered Level 1 of the Tomb of the Ancients
 79860 | Tomb:2   | Noticed a greater mummy
 79861 | Tomb:2   | Noticed a greater mummy
 79862 | Tomb:2   | Noticed an ancient lich
 79864 | Tomb:2   | Noticed a greater mummy
 79865 | Tomb:2   | Killed a greater mummy
 79868 | Tomb:2   | Killed a greater mummy
 79868 | Tomb:2   | Reached XP level 27. HP: 75/151 MP: 26/53
 79869 | Tomb:2   | Killed an ancient lich
 79869 | Tomb:2   | Killed a greater mummy
 79872 | Tomb:2   | HP: 6/151 [cloud of flame (4)]
 80408 | Tomb:1   | Noticed a greater mummy
 80410 | Tomb:1   | Killed a greater mummy
 80412 | Tomb:1   | Noticed a greater mummy
 80415 | Tomb:1   | Killed a greater mummy
 80416 | Tomb:1   | Noticed a greater mummy
 80417 | Tomb:1   | Killed a greater mummy
 80417 | Tomb:1   | Killed a greater mummy
 80418 | Tomb:1   | Killed a greater mummy
 80418 | Tomb:1   | Killed a greater mummy
 80504 | Tomb:1   | Noticed a greater mummy
 80512 | Tomb:1   | Killed a greater mummy
 80542 | Tomb:1   | Noticed a greater mummy
 80544 | Tomb:1   | Killed a greater mummy
 80624 | Tomb:1   | Noticed a greater mummy
 80626 | Tomb:1   | Killed a greater mummy
 80628 | Tomb:1   | Noticed a greater mummy
 80630 | Tomb:1   | Noticed a greater mummy
 80633 | Tomb:1   | Killed a greater mummy
 80633 | Tomb:1   | Killed a greater mummy
 80688 | Tomb:1   | Noticed a greater mummy
 80690 | Tomb:1   | Killed a greater mummy
 80852 | Tomb:1   | Killed a greater mummy
 80857 | Tomb:1   | Noticed a greater mummy
 80859 | Tomb:1   | Killed a greater mummy
 80940 | Tomb:1   | Noticed a greater mummy
 80942 | Tomb:1   | Killed a greater mummy
 81003 | Tomb:1   | Noticed a greater mummy
 81005 | Tomb:1   | Killed a greater mummy
 81066 | Tomb:1   | Noticed a greater mummy
 81068 | Tomb:1   | Killed a greater mummy
 81099 | Tomb:1   | Noticed a greater mummy
 81100 | Tomb:1   | Killed a greater mummy
 81204 | Tomb:1   | Noticed a greater mummy
 81206 | Tomb:1   | Killed a greater mummy
 81260 | Tomb:1   | Noticed a greater mummy
 81261 | Tomb:1   | Killed a greater mummy
 81261 | Tomb:1   | Reached skill level 15 in Hexes
 81284 | Tomb:1   | Noticed a greater mummy
 81286 | Tomb:1   | Killed a greater mummy
 81388 | Tomb:1   | Noticed a greater mummy
 81389 | Tomb:1   | Killed a greater mummy
 81389 | Tomb:1   | Reached skill level 27 in Conjurations
 81603 | Tomb:3   | Entered Level 3 of the Tomb of the Ancients
 81619 | Tomb:3   | Noticed an ancient lich
 81619 | Tomb:3   | Noticed a greater mummy
 81622 | Tomb:3   | Killed an ancient lich
 81626 | Tomb:3   | Killed a greater mummy
 81629 | Tomb:3   | Noticed a greater mummy
 81632 | Tomb:3   | Killed a greater mummy
 81654 | Tomb:3   | Noticed a greater mummy
 81655 | Tomb:3   | Killed a greater mummy
 81697 | Tomb:3   | Noticed a greater mummy
 81699 | Tomb:3   | Killed a greater mummy
 81805 | Tomb:3   | Identified Ziac's Guide on the Noxious Glacier
 81813 | Tomb:3   | Identified the +2 helmet of Space {rPois MR+ Str+4} (You found it on level 3 of the Tomb of the Ancients)
 81863 | Tomb:3   | Identified the Handbook of Bewitching Venom
 81881 | Tomb:3   | Learned a level 9 spell: Glaciate
 81884 | Tomb:3   | Identified the cursed +1 robe "Roesur" {Dex+4} (You found it on level 3 of the Tomb of the Ancients)
 81934 | Tomb:3   | Noticed a greater mummy
 81937 | Tomb:3   | Noticed a greater mummy
 81939 | Tomb:3   | Killed a greater mummy
 81941 | Tomb:3   | Killed a greater mummy
 81966 | Tomb:3   | Identified the +3 leather armour "Qunucw" {rC- rCorr Dex+3} (You took it off a greater mummy on level 3 of the Tomb of the Ancients)
 81983 | Tomb:3   | Noticed a greater mummy
 81985 | Tomb:3   | Killed a greater mummy
 82036 | Tomb:3   | Noticed a greater mummy
 82037 | Tomb:3   | Killed a greater mummy
 82464 | Tomb:3   | Got a golden rune of Zot
 82536 | Tomb:3   | Identified the ring "Joich" {rCorr rPois Str+5 Stlth-} (You found it on level 3 of the Tomb of the Ancients)
 82542 | Tomb:3   | Identified the ring "Woarimm" {+Fly rF+ rC++ rN+ SInv} (You found it on level 3 of the Tomb of the Ancients)
 82568 | Tomb:3   | Got a slimy brass ring
 82570 | Tomb:3   | Identified the ring "Byklufed" {rN+ AC+4} (You found it on level 3 of the Tomb of the Ancients)
 82578 | Tomb:3   | Got a bound glass ring
 82579 | Tomb:3   | Identified the ring of Law Jode {rPois rC- rN+++ Int+2 Dex+4} (You found it on level 3 of the Tomb of the Ancients)
 83401 | Hell     | Entered the Vestibule of Hell
 83401 | Hell     | Noticed Geryon
 83407 | Hell     | Killed Geryon
 83407 | Hell     | Reached skill level 15 in Evocations
 83597 | Hell     | Found a gateway to the ashen valley of Gehenna.
 83671 | Hell     | Found a gateway to the decaying netherworld of Tartarus.
 83901 | Hell     | Found a gateway to the freezing wastes of Cocytus.
 84016 | Hell     | Found a gateway to the Iron City of Dis.
 84137 | Coc:1    | Entered Level 1 of Cocytus
 84296 | Coc:3    | Reached skill level 27 in Spellcasting
 84490 | Coc:4    | Reached skill level 10 in Fighting
 84590 | Coc:6    | Reached skill level 1 in Air Magic
 84655 | Coc:7    | Entered Level 7 of Cocytus
 85188 | Coc:7    | Reached skill level 15 in Dodging
 85234 | Coc:7    | Noticed Antaeus
 85239 | Coc:7    | Killed Antaeus
 85248 | Coc:7    | Got a warped quarterstaff {flame}
 85254 | Coc:7    | Got an icy rune of Zot
 85488 | Hell     | Learned a level 8 spell: Ignition
 85625 | Bazaar   | Entered a bazaar
 85627 | Bazaar   | Found Vaatsoer's Armour Boutique.
 85631 | Bazaar   | Found Jeqoron's Book Boutique.
 85631 | Bazaar   | Found Seopn's Magic Scroll Boutique.
 85632 | Bazaar   | Found Urphio's Antique Weapon Boutique.
 85647 | Bazaar   | Bought a scroll of magic mapping for 45 gold pieces
 85647 | Bazaar   | Bought a scroll of teleportation for 39 gold pieces
 85647 | Bazaar   | Bought a scroll of identify for 26 gold pieces
 85647 | Bazaar   | Bought a scroll of identify for 26 gold pieces
 85647 | Bazaar   | Bought a scroll of magic mapping for 45 gold pieces
 85647 | Bazaar   | Bought a scroll of teleportation for 39 gold pieces
 85692 | Bazaar   | Bought a fine morningstar for 306 gold pieces
 85692 | Bazaar   | Identified the cursed +1 morningstar "Nipnyr" {pain, *Slow Int+5} (You bought it in a shop in a bazaar)
 85706 | Bazaar   | Bought a scroll of remove curse for 39 gold pieces
 85706 | Bazaar   | Bought a scroll of remove curse for 39 gold pieces
 85706 | Bazaar   | Bought a scroll of enchant weapon for 97 gold pieces
 85706 | Bazaar   | Bought 3 scrolls of enchant armour for 292 gold pieces
 85721 | Depths:5 | Identified the +6 quarterstaff of Tieweel {flame, Dex+5} (You took it off Antaeus on level 7 of Cocytus)
 85846 | Tar:1    | Entered Level 1 of Tartarus
 85988 | Tar:2    | Reached skill level 27 in Fire Magic
 86290 | Tar:3    | Reached skill level 5 in Air Magic
 86783 | Tar:7    | Entered Level 7 of Tartarus
 87101 | Tar:7    | Noticed an ancient lich
 87102 | Tar:7    | Killed an ancient lich
 87193 | Tar:7    | Noticed an ancient lich
 87195 | Tar:7    | Killed an ancient lich
 87204 | Tar:7    | Noticed an ancient lich
 87207 | Tar:7    | Killed an ancient lich
 87391 | Tar:7    | Got a steaming demon whip
 87758 | Tar:7    | Noticed Ereshkigal
 87763 | Tar:7    | Killed Ereshkigal
 87806 | Tar:7    | Got a bone rune of Zot
 88185 | Dis:1    | Entered Level 1 of the Iron City of Dis
 88379 | Dis:2    | Reached skill level 10 in Air Magic
 88693 | Dis:5    | You are sucked into a shaft!
 88799 | Dis:7    | Entered Level 7 of the Iron City of Dis
 89339 | Dis:7    | Got a fine jade amulet
 89395 | Dis:7    | Got smoking quicksilver dragon scales
 89870 | Dis:7    | Reached skill level 15 in Air Magic
 90756 | Dis:7    | Noticed Dispater
 91013 | Dis:7    | Killed Dispater
 91026 | Dis:7    | Got an iron rune of Zot
 91078 | Dis:7    | Identified the quicksilver dragon scales "Kenam" {rC+ rN+ MR+ Int+3} (You found it on level 7 of the Iron City of Dis)
 91508 | Elf:3    | Bought a scroll of teleportation for 90 gold pieces
 91508 | Elf:3    | Bought a scroll of identify for 60 gold pieces
 91510 | Elf:3    | Identified the amulet "Piowom" {Spirit +Fly rC- Dex-3 SInv} (You found it on level 7 of the Iron City of Dis)
 91846 | Geh:1    | Entered Level 1 of Gehenna
 92135 | Geh:2    | Learned a level 9 spell: Tornado
 92436 | Geh:7    | Entered Level 7 of Gehenna
 92801 | Geh:7    | Noticed the Serpent of Hell
 92807 | Geh:7    | Killed the Serpent of Hell
 93119 | Geh:7    | Got a scintillating wooden ring
 93134 | Geh:7    | Noticed Asmodeus
 93148 | Geh:7    | Killed from afar by Asmodeus

Skill      XL: |  1  2  3  4  5  6  7  8  9 10 11 12 13 14 15 16 17 18 19 20 21 22 23 24 25 26 27 |
---------------+----------------------------------------------------------------------------------+-----
Conjurations   | 2 3 4 5 6 8 9 10 12 14 16 17 18 19 20 21 22 23 24 25 26 27 | 27.0
Fire Magic     | 1 2 3 6 7 10 12 13 14 15 16 18 19 20 21 22 23 24 27 | 27.0
Translocations | 2 |  2.3
Spellcasting   | 5 6 7 8 9 11 13 14 15 17 18 19 20 21 22 24 27 | 27.0
Dodging        | 5 7 8 10 11 17 | 17.9
Fighting       | 1 4 5 6 7 8 9 14 | 14.1
Armour         | 1 |  1.9
Necromancy     | 1 |  1.3
Evocations     | 4 6 7 8 9 10 11 12 13 18 | 18.0
Staves         | 2 4 5 6 9 |  9.8
Charms         | 2 4 8 10 12 13 | 13.1
Shields        | 1 3 4 8 14 15 | 15.4
Stealth        | 5 |  5.2
Hexes          | 12 15 | 15.5
Air Magic      | 19 | 19.8
Summonings     | |  1.3

Action                   |  1- 3 |  4- 6 |  7- 9 | 10-12 | 13-15 | 16-18 | 19-21 | 22-24 | 25-27 || total
-------------------------+-------+-------+-------+-------+-------+-------+-------+-------+-------++-------
Melee: Short sword       |     2 |     4 |       |       |       |       |       |       |       ||     6
       Rapier            |       |     3 |    27 |       |       |       |       |       |       ||    30
       Staff             |       |       |    11 |    22 |   116 |    21 |    15 |    39 |   379 ||   603
 Cast: Magic Dart        |    60 |   153 |   329 |   182 |   128 |     4 |     1 |     9 |     2 ||   868
       Mephitic Cloud    |       |     7 |    29 |    37 |    18 |     1 |       |       |       ||    92
       Conjure Flame     |       |     5 |    22 |    25 |    10 |     1 |     2 |       |    32 ||    97
       Blink             |       |     3 |     4 |    44 |    14 |    38 |    17 |    21 |    79 ||   220
       Apportation       |       |     2 |     1 |       |       |       |       |       |       ||     3
       Call Imp          |       |       |    17 |    21 |    11 |       |       |       |       ||    49
       Flame Tongue      |       |       |    59 |   176 |   150 |     6 |     1 |       |     7 ||   399
       Searing Ray       |       |       |       |    53 |     9 |       |       |       |       ||    62
       Regeneration      |       |       |       |    19 |    16 |    16 |     5 |    24 |   172 ||   252
       Stone Arrow       |       |       |       |    78 |   161 |    14 |       |     3 |    19 ||   275
       Lightning Bolt    |       |       |       |    29 |    49 |       |       |       |       ||    78
       Bolt of Fire      |       |       |       |       |   272 |   253 |    68 |    92 |   213 ||   898
       Fireball          |       |       |       |       |    88 |   228 |    21 |    32 |   189 ||   558
       Bolt of Magma     |       |       |       |       |    17 |       |       |       |       ||    17
       Bolt of Cold      |       |       |       |       |     5 |    15 |    24 |    12 |    80 ||   136
       Deflect Missiles  |       |       |       |       |     1 |     3 |       |     1 |     1 ||     6
       Fire Storm        |       |       |       |       |       |    34 |   181 |   255 |   625 ||  1095
       Iron Shot         |       |       |       |       |       |       |    30 |    64 |   296 ||   390
       Summon Butterflie |       |       |       |       |       |       |       |     1 |     3 ||     4
       Sublimation of Bl |       |       |       |       |       |       |       |    52 |   230 ||   282
       Ignition          |       |       |       |       |       |       |       |       |    23 ||    23
       Tornado           |       |       |       |       |       |       |       |       |    20 ||    20
 Abil: Evoke Flight      |       |       |       |       |     2 |     2 |     1 |       |     1 ||     6
       Stop Flying       |       |       |       |       |       |       |       |     1 |       ||     1
Evoke: Wand              |       |       |     8 |    33 |    29 |    48 |    16 |     7 |    24 ||   165
       Lightning rod     |       |       |       |     4 |     4 |     1 |       |     3 |     4 ||    16
       Sack of spiders   |       |       |       |     1 |     1 |     1 |       |       |       ||     3
       Staff of energy   |       |       |       |       |       |       |       |    56 |   576 ||   632
       Lamp of fire      |       |       |       |       |       |       |       |       |     4 ||     4
       Phial of floods   |       |       |       |       |       |       |       |       |     4 ||     4
       Horn of Geryon    |       |       |       |       |       |       |       |       |     3 ||     3
       Crystal ball of e |       |       |       |       |       |       |       |       |     2 ||     2
  Use: Scroll            |     1 |     4 |     8 |    16 |    23 |     8 |     4 |     8 |    32 ||   104
       Potion            |       |       |       |     4 |     3 |       |     1 |     5 |    15 ||    28
 Stab: Sleeping          |     1 |     2 |     1 |       |     1 |       |       |       |       ||     5
       Confused          |       |       |     1 |     1 |     2 |       |       |       |       ||     4
       Distracted        |       |       |       |       |     4 |       |     1 |       |       ||     5
  Eat: Chunk             |     1 |     8 |    14 |    24 |    61 |    33 |    70 |    76 |    22 ||   309
       Bread ration      |       |       |     1 |     2 |     6 |     6 |     4 |     1 |     6 ||    26
       Fruit             |       |       |       |     3 |     4 |     6 |       |     1 |     9 ||    23
       Meat ration       |       |       |       |       |     1 |       |       |     1 |    11 ||    13
       Royal jelly       |       |       |       |       |       |       |     1 |     1 |    17 ||    19
Armor: Robe              |       |     2 |    19 |       |    39 |    36 |    10 |    23 |    93 ||   222
       Leather armour    |       |       |       |    38 |    44 |       |       |       |       ||    82
Dodge: Dodged            |     4 |    16 |    75 |   133 |   241 |    91 |    27 |    53 |   378 ||  1018
       Deflected         |       |       |       |       |       |    10 |    13 |    17 |    25 ||    65
Block: Buckler           |       |       |       |       |     1 |    50 |    16 |    27 |     9 ||   103
       Shield            |       |       |       |       |       |       |       |       |   356 ||   356
